Map: El Dorado

Players

StonedJeezus - Winner!

  • Race: Zerg Zerg
  • League: Master
  • Spawn Location: 5:00

John

  • Race: Zerg Zerg
  • League: Master
  • Spawn Location: 7:00

VOD

https://www.youtube.com/watch?v=w3NNzIujWkI

Description

Apex - Inner Space

Time

  • Played on: Feb. 25, 2025, 4:10 p.m.
  • Length: 10:58
Show
View Real Time Build Order
Export as new Build Order

StonedJeezus Zerg - Winner!

Build Orders: 1 Base Baneling Bust, Pool First, Zergling Baneling 

Get SALT Encoding   

  12  0:00  Drone  
  13  0:09  Extractor  
  12  0:27  Spawning Pool  
  11  0:30  Drone  
  11  0:35  Drone  
  13  0:51  Drone  
  13  0:54  Overlord  
  14  1:14  Metabolic Boost  
  14  1:21  Queen  
  16  1:35  Drone  
  16  1:37  Zergling x4  
  19  2:02  Zergling x2  
  19  2:03  Zergling x2  
  21  2:10  Baneling Nest  
  21  2:11  Drone  
  21  2:25  Zergling x2  
  22  2:40  Overlord  
  22  2:48  Overlord  
  20  3:23  Zergling x12  
  20  3:25  Baneling x2  
  20  3:26  Baneling  
  26  3:27  Baneling  
  26  3:29  Hatchery  
  26  3:33  Baneling  
  26  3:34  Baneling  
  25  3:46  Zergling x4  
  27  3:50  Zergling x2  
  27  3:52  Zergling x2  
  29  3:57  Drone  
  26  4:24  Zergling x6  
  29  4:25  Overlord  
  23  4:48  Zergling x4  
  23  4:49  Zergling x2  
  23  4:51  Baneling x5  
  23  4:56  Zergling x2  
  23  4:57  Zergling x2  
  25  5:00  Drone  
  25  5:05  Drone  
  27  5:09  Drone  
  25  5:40  Zergling x10  
  25  5:41  Zergling x2  
  31  5:44  Drone x3  
  29  6:24  Baneling x2  
  29  6:25  Baneling x3  
  29  6:32  Queen  
  30  6:33  Drone x3  
  30  6:35  Drone  
  30  6:36  Drone x4  
  37  6:51  Drone x2  
  37  6:53  Roach Warren  
  38  6:55  Extractor  
  38  6:56  Drone x2  
  36  7:16  Drone x2  
  36  7:17  Drone x4  
  36  7:21  Evolution Chamber  
  41  7:33  Roach  
  41  7:34  Lair  
  41  7:36  Overlord  
  43  7:41  Spine Crawler  
  41  7:45  Spine Crawler  
  41  7:50  Zergling x8  
  44  7:52  Overlord x2  
  44  7:59  Roach  
  44  8:01  Roach x2  
  44  8:04  Zerg Missile Weapons Level 1  
  50  8:07  Drone  
  50  8:12  Baneling x2  
  51  8:27  Roach x3  
  51  8:28  Roach x3  
  51  8:31  Glial Reconstitution  
  51  8:33  Roach x2  
  67  8:38  Drone  
  68  8:41  Extractor  
  68  8:43  Extractor  
  68  8:44  Overlord  
  68  8:45  Overlord  
  66  8:52  Queen  
  68  9:01  Overlord x2  
  68  9:17  Roach x3  
  68  9:18  Roach x2  
  78  9:24  Roach  
  78  9:26  Roach x2  
  84  9:33  Roach x3  
  90  9:40  Roach  
  90  9:42  Ravager  
  90  9:43  Ravager x3  
  95  9:46  Ravager  
  96  9:57  Drone x3  
  96  9:59  Overlord x2  
  99  10:13  Overlord  
  99  10:14  Overlord x3  
  99  10:22  Roach x2  
  93  10:32  Roach  
  95  10:36  Roach x2  
Show
View Real Time Build Order
Export as new Build Order

John Zerg 

Build Orders: Pool First 

Get SALT Encoding   

  12  0:02  Drone  
  13  0:12  Overlord  
  13  0:19  Drone  
  15  0:35  Drone x2  
  15  0:36  Drone  
  17  0:50  Spawning Pool  
  17  0:52  Drone  
  17  1:15  Hatchery  
  16  1:24  Drone  
  17  1:29  Extractor  
  17  1:32  Drone  
  17  1:37  Zergling x2, Queen  
  20  1:40  Overlord  
  20  1:55  Drone  
  20  1:58  Drone  
  22  2:12  Drone  
  22  2:15  Queen  
  24  2:47  Zergling x2  
  24  2:48  Zergling x14  
  24  2:49  Metabolic Boost  
  30  3:28  Drone x5  
  30  3:29  Drone  
  36  3:37  Baneling Nest  
  35  3:46  Overlord x2  
  35  3:56  Spine Crawler  
  35  3:57  Spine Crawler  
  35  3:59  Spine Crawler  
  24  4:20  Zergling x6  
  24  4:21  Zergling x12  
  32  4:43  Queen  
  30  5:19  Queen  
  32  5:22  Baneling x3  
  32  5:26  Drone x2  
  32  5:27  Drone x3, Hatchery  
  34  5:42  Zergling x2  
  33  5:48  Spine Crawler  
  32  5:50  Spine Crawler  
  32  5:51  Baneling x3  
  28  6:22  Zergling x2  
  28  6:23  Zergling x4  
  31  6:37  Baneling  
  30  7:14  Baneling x4  
  30  7:15  Baneling  
  30  7:16  Drone  
  30  7:17  Drone x2  
  33  7:27  Lair  
  33  7:37  Overlord  
  32  8:02  Evolution Chamber  
  32  8:03  Evolution Chamber  
  30  8:09  Extractor x2  
  30  8:11  Drone  
  29  8:15  Drone x5  
  29  8:18  Extractor  
  33  8:25  Queen  
  35  8:31  Hatchery  
  34  9:02  Zergling x10  
  39  9:03  Hatchery  
  39  9:05  Drone x10  
  48  9:46  Queen  
  50  9:56  Overseer  
  50  9:59  Baneling x7  
  50  10:00  Baneling x3  
  50  10:16  Drone x3  
  48  10:43  Spine Crawler  
  48  10:44  Spine Crawler  
  48  10:45  Spine Crawler  
  48  10:47  Spine Crawler  
Tags
 
Add a new tag
Caveats
  • Supply blocks, unpowered buildings, or Contaminate may cause inaccurate times.
  • Supply counts are checked every 10 seconds.